 Dungeon Crawl Stone Soup version 0.28.0 (webtiles) character file.

Game seed: 16304078492745973442

368 blackman the Cleaver (level 6, -1/51 HPs)
             Began as a Minotaur Fighter on Feb 5, 2022.
             Was a Priest of Cheibriados.
             Slain by a gnoll (7 damage)
             ... on level 4 of the Dungeon.
             The game lasted 00:02:56 (3402 turns).

blackman the Cleaver (Minotaur Fighter)             Turns: 3402, Time: 00:02:57

Health: -1/51      AC:  9    Str: 28    XL:     6   Next: 41%
Magic:  2/5        EV:  9    Int: 11    God:    Cheibriados [***...]
Gold:   190        SH:  5    Dex: 16    Spells: 5/5 levels left

rFire   . . .      SeeInvis .   a - +0 war axe
rCold   . . .      Faith    .   c - +0 buckler
rNeg    . . .      Spirit   .   b - +0 scale mail
rPois   .          Reflect  .   (helmet restricted)
rElec   .          Harm     .   m - +0 cloak
rCorr   .          Rampage  .   (no gloves)
Will    .....                   g - +0 pair of boots
Stlth   ..........              (no amulet)
HPRegen 0.17/turn               (no ring)
MPRegen 0.09/turn               (no ring)

@: very slow
A: horns 2, retaliatory headbutt
a: Renounce Religion, Bend Time, Temporal Distortion


You were on level 4 of the Dungeon.
You worshipped Cheibriados.
Cheibriados was most pleased with you.
You visited 1 branch of the dungeon, and saw 4 of its levels.

You collected 190 gold pieces.

Inventory:

Hand Weapons
 a - a +0 war axe (weapon)
Armour
 b - a +0 scale mail (worn)
 c - a +0 buckler (worn)
 g - a +0 pair of boots (worn)
 m - a +0 cloak (worn)
Wands
 j - a wand of charming (7)
 o - a wand of polymorph (5)
Scrolls
 e - a scroll of fear {unknown}
 h - a scroll of blinking {unknown}
 n - a scroll of identify {unknown}
 p - a scroll of vulnerability {unknown}
Potions
 d - a potion of might
 f - 2 potions of magic {unknown}
 i - a potion of resistance {unknown}
 k - a potion of degeneration {unknown}
 l - a potion of curing {unknown}


   Skills:
 - Level 3.6 Fighting
 + Level 8.3 Axes
 - Level 3.6 Armour
 - Level 3.6 Shields


You had 5 spell levels left.
You didn't know any spells.
Your spell library was empty.

Dungeon Overview and Level Annotations

Branches:
Dungeon (4/15)             Temple (0/1) D:4

Altars:
Cheibriados
Fedhas
Hepliaklqana


Innate Abilities, Weirdness & Mutations

You have a pair of horns on your head.
You reflexively headbutt those who attack you in melee.


Message History

You block the gnoll's attack.
The gnoll shaman hits you but does no damage.
You block the gnoll's attack. The gnoll shaman barely misses you.
You slash the gnoll shaman! You headbutt the gnoll shaman.
You kill the gnoll shaman!
Cheibriados appreciates the change of pace.
The gnoll hits you from afar with a +1 spear of freezing.
The gnoll freezes you.
The gnoll hits you from afar with a +1 spear of freezing.
The gnoll freezes you. The gnoll closely misses you. x2
The gnoll hits you from afar with a +0 halberd.
You see here a +0 spear.
You are too injured to fight recklessly!
You are too injured to fight recklessly!
You are too injured to fight recklessly!
You are too injured to fight recklessly!
You are too injured to fight recklessly!
You are too injured to fight recklessly!
You hit the gnoll.
The gnoll is moderately wounded.
You block the gnoll's attack.
The gnoll hits you with a +1 spear of freezing.
The gnoll freezes you. The gnoll barely misses you.
You hit the gnoll. Your headbutt misses the gnoll.
The gnoll is heavily wounded.
The gnoll hits you with a +1 spear of freezing.
The gnoll freezes you.
The gnoll hits you from afar with a +0 halberd!
* * * LOW HITPOINT WARNING * * *
The gnoll hits you but does no damage.
You slice the gnoll!!
You kill the gnoll!
Cheibriados thoroughly appreciates the change of pace.
Cheibriados raises the support of your attributes as your movement slows.
The gnoll barely misses you. The flow of time bends around you.
Cheibriados lowers the support of your attributes as your movement quickens.
The gnoll hits you from afar with a +0 halberd!
You die...

########.# ##### #.#
#.# ##...###.## #.#
##.....#...# #.#
#..........# #.#
#......#...# #.#
#.#..(###### #.#
#....#######.####...
####.......?@.g.....
#....#######)###....
#...## #.# # #...
... ...## #... ####
#.### #.. ###


You could see a gnoll.

Vanquished Creatures
  2 ogres (D:4)
  A hound (D:3)
  A gnoll shaman (D:4)
  An orc wizard (D:3)
  2 gnolls (D:4)
  3 adders (D:2)
  A dart slug (D:1)
  5 orcs
  6 endoplasms
  8 giant cockroaches
  8 goblins
  4 hobgoblins
  11 kobolds
  4 ball pythons
  4 bats
  3 frilled lizards
  7 rats
71 creatures vanquished.

Notes
Turn   | Place    | Note
-------+----------+-------------------------------------------
     0 | D:1      | blackman the Minotaur Fighter began the quest for the Orb.
     0 | D:1      | Reached XP level 1. HP: 19/19 MP: 0/0
    78 | D:1      | Reached skill level 3 in Axes
   178 | D:1      | Reached XP level 2. HP: 13/26 MP: 1/1
   409 | D:1      | Found a faded altar of an unknown god.
   430 | D:1      | Prayed at the altar of an unknown god.
   430 | D:1      | Became a worshipper of Cheibriados the Contemplative
   430 | D:1      | Reached * piety under Cheibriados
   582 | D:1      | Reached skill level 4 in Axes
  1152 | D:2      | Reached XP level 3. HP: 31/31 MP: 2/2
  1268 | D:2      | Reached ** piety under Cheibriados
  1566 | D:2      | Reached skill level 5 in Axes
  1641 | D:2      | Reached XP level 4. HP: 39/39 MP: 3/3
  1878 | D:3      | Reached skill level 6 in Axes
  1885 | D:3      | Reached XP level 5. HP: 30/45 MP: 4/4
  2152 | D:3      | Reached *** piety under Cheibriados
  2488 | D:3      | Found a faded altar of an unknown god.
  2524 | D:3      | Found a hazy altar of Hepliaklqana.
  2653 | D:4      | Found a blossoming altar of Fedhas.
  2678 | D:4      | Noticed an ogre
  2682 | D:4      | Killed an ogre
  2683 | D:4      | Reached skill level 7 in Axes
  2988 | D:4      | Found a staircase to the Ecumenical Temple.
  3159 | D:4      | Noticed an ogre
  3166 | D:4      | Killed an ogre
  3167 | D:4      | Reached skill level 8 in Axes
  3167 | D:4      | Reached XP level 6. HP: 17/51 MP: 5/5
  3402 | D:4      | Slain by a gnoll

Illustrated notes

Levels and vault maps discovered:
D:1:      tarquinn_simple_flora_water_e, layout_basic,
          shapermc_ecumenical_altar_notcrosses
D:2:      minmay_angry_zag, layout_loops_ring, nrook_campfire
D:3:      layout_rooms, nicolae_overflow_ecumenical_swirl
D:4:      layout_loops_ring, dk_xom_monty_hall, fedhas_altar_fruit_tree,
          minmay_temple_entry_overgrown, serial_shops, shop, uniq_menkaure

Skill      XL: |  1  2  3  4  5 |
---------------+----------------+-----
Axes           | 3 4 5 6 8 |  8.3
Fighting       | |  3.6
Armour         | |  3.6
Shields        | |  3.6

Action                   |  1- 3 |  4- 6 || total
-------------------------+-------+-------++-------
Melee: War axe           |    70 |    71 ||   141
       Headbutt          |     7 |    18 ||    25
Invok: Bend Time         |       |     1 ||     1
Armor: Scale mail        |    30 |    31 ||    61
Dodge: Dodged            |    39 |    38 ||    77
Block: Buckler           |    16 |    20 ||    36
